| TOP OF THE 1ST |
|
University of Toronto Marlies batting - Pitching for Fresno State University Bulldogs : RHP Melvin Palacios
|
|
Pitching: RHP Melvin Palacios
|
|
|
Batting: RHB Charlie Townend
|
0-0: Ball 1-0: Ball 2-0: Foul Ball, location: 2F 2-1: Ground out 4-3 (Groundball, 4, EV 84.4 MPH)
|
|
Batting: LHB Mitch Melton
|
0-0: Foul Ball, location: 2F 0-1: Called Strike 0-2: Strikes out swinging
|
|
Batting: SHB Conrade Gordon
|
0-0: Called Strike 0-1: Called Strike 0-2: Strikes out looking
|
| Top of the 1st over - 0 runs, 0 hits, 0 errors, 0 left on base; University of Toronto 0 - Fresno State University 0 |
| BOTTOM OF THE 1ST |
|
Fresno State University Bulldogs batting - Pitching for University of Toronto Marlies : RHP Jay Hagan
|
|
Pitching: RHP Jay Hagan
|
|
|
Batting: RHB Tony Nowak
|
0-0: Called Strike 0-1: Foul Ball, location: 2F 0-2: Fly out, F4 (Popup, 4S, EV 70.0 MPH)
|
|
Batting: RHB Sandy Munoz
|
0-0: Ball 1-0: Foul Ball, location: 2F 1-1: Ball 2-1: SINGLE (Flyball, 6D, EV 85.6 MPH)
|
|
Batting: SHB Carlton Stannard
|
0-0: Ball 1-0: Foul Ball, location: 2F 1-1: Foul Ball, location: 2F 1-2: DOUBLE (Flyball, 78D, EV 107.5 MPH) Sandy Munoz to third Runner from 3rd tries for Home, SAFE, throw by CF to trailing runner, SAFE at third!
|
|
Batting: RHB Danilo Baldia
|
0-0: Fly out, F9 (Flyball, 9S, EV 91.2 MPH)
|
|
Batting: LHB Ollie Strauss
|
0-0: Called Strike 0-1: Fly out, F7 (Flyball, 7, EV 83.8 MPH)
|
| Bottom of the 1st over - 1 run, 2 hits, 0 errors, 1 left on base; University of Toronto 0 - Fresno State University 1 |
| TOP OF THE 2ND |
|
University of Toronto Marlies batting - Pitching for Fresno State University Bulldogs : RHP Melvin Palacios
|
|
Batting: RHB Todd Maybury
|
0-0: Ball 1-0: SINGLE (Groundball, 34S, EV 64.4 MPH) (infield hit)
|
|
Batting: RHB Luke Stannard
|
0-0: Called Strike Todd Maybury steals 2nd base 0-1: Ball 1-1: Ball 2-1: Foul Ball, location: 2F 2-2: Foul Ball, location: 2F 2-2: Fly out, F9 (Flyball, 9S, EV 83.1 MPH)
|
|
Batting: RHB Steve Campeau
|
0-0: SINGLE (Groundball, 15S, EV 73.8 MPH) (infield hit) Todd Maybury to third
|
|
Batting: SHB Jake Seymour
|
0-0: Fly out, F8 (Line Drive, 89M, EV 96.9 MPH) Runner from 3rd tags up, SCORES, no throw by CF
|
|
Batting: RHB John Wilson
|
0-0: Swinging Strike 0-1: Foul Ball, location: 2F 0-2: Ball 1-2: SINGLE (Line Drive, 78M, EV 86.9 MPH) Steve Campeau to second
|
|
Batting: RHB Kevin McGaughey
|
0-0: Foul Ball, location: 2F 0-1: Ball 1-1: Ball 2-1: Swinging Strike 2-2: Fly out, F8 (Flyball, 8RM, EV 79.4 MPH)
|
| Top of the 2nd over - 1 run, 3 hits, 0 errors, 2 left on base; University of Toronto 1 - Fresno State University 1 |
| BOTTOM OF THE 2ND |
|
Fresno State University Bulldogs batting - Pitching for University of Toronto Marlies : RHP Jay Hagan
|
|
Batting: RHB Sinfronio Carreon
|
0-0: Ball 1-0: Foul Ball, location: 2F 1-1: Ball 2-1: Called Strike 2-2: Ball 3-2: Base on Balls
|
|
Batting: RHB Greg Meyer
|
0-0: Ball 1-0: Fly out, F7 (Line Drive, 7, EV 97.5 MPH)
|
|
Batting: RHB Victor Rangel
|
0-0: Called Strike Sinfronio Carreon steals 2nd base 0-1: Ball 1-1: Swinging Strike 1-2: Ball 2-2: Strikes out looking
|
|
Batting: RHB Wu-ti Hui
|
0-0: Ball 1-0: Ground out 6-3 (Groundball, 6, EV 77.5 MPH)
|
| Bottom of the 2nd over - 0 runs, 0 hits, 0 errors, 1 left on base; University of Toronto 1 - Fresno State University 1 |
| TOP OF THE 3RD |
|
University of Toronto Marlies batting - Pitching for Fresno State University Bulldogs : RHP Melvin Palacios
|
|
Batting: RHB Charlie Townend
|
0-0: Called Strike 0-1: Foul Ball, location: 2F 0-2: Reached on error, E6 (Groundball, 6, EV 78.8 MPH)
|
|
Batting: LHB Mitch Melton
|
0-0: Swinging Strike 0-1: Foul Ball, location: 2F 0-2: Grounds into double play, 4-6-3 (Groundball, 4, EV 98.1 MPH)
|
|
Batting: SHB Conrade Gordon
|
0-0: Foul Ball, location: 2F 0-1: Called Strike 0-2: Strikes out looking
|
| Top of the 3rd over - 0 runs, 0 hits, 1 error, 0 left on base; University of Toronto 1 - Fresno State University 1 |
| BOTTOM OF THE 3RD |
|
Fresno State University Bulldogs batting - Pitching for University of Toronto Marlies : RHP Jay Hagan
|
|
Batting: RHB Tony Nowak
|
0-0: Fly out, F9 (Flyball, 9LM, EV 90.6 MPH)
|
|
Batting: RHB Sandy Munoz
|
0-0: Called Strike 0-1: Ball 1-1: Ball 2-1: Ball 3-1: Foul Ball, location: 2F 3-2: Ground out 6-3 (Groundball, 56D, EV 92.5 MPH)
|
|
Batting: SHB Carlton Stannard
|
0-0: Foul Ball, location: 2F 0-1: Ball 1-1: Ball 2-1: SINGLE (Groundball, 6D, EV 97.5 MPH)
|
|
Batting: RHB Danilo Baldia
|
0-0: Called Strike 0-1: Fly out, F7 (Flyball, 7D, EV 95.6 MPH)
|
| Bottom of the 3rd over - 0 runs, 1 hit, 0 errors, 1 left on base; University of Toronto 1 - Fresno State University 1 |
| TOP OF THE 4TH |
|
University of Toronto Marlies batting - Pitching for Fresno State University Bulldogs : RHP Melvin Palacios
|
|
Batting: RHB Todd Maybury
|
0-0: Called Strike 0-1: Ball 1-1: Ball 2-1: Ground out U3 (Groundball, 3L, EV 82.5 MPH)
|
|
Batting: RHB Luke Stannard
|
0-0: Ground out U3 (Groundball, 3L, EV 101.2 MPH)
|
|
Batting: RHB Steve Campeau
|
0-0: Foul Ball, location: 2F 0-1: SINGLE (Groundball, 6MD, EV 95.0 MPH)
|
|
Batting: SHB Jake Seymour
|
0-0: Foul Ball, location: 2F 0-1: Called Strike 0-2: Fly out, F7 (Line Drive, 7, EV 101.2 MPH)
|
| Top of the 4th over - 0 runs, 1 hit, 0 errors, 1 left on base; University of Toronto 1 - Fresno State University 1 |
| BOTTOM OF THE 4TH |
|
Fresno State University Bulldogs batting - Pitching for University of Toronto Marlies : RHP Jay Hagan
|
|
Batting: LHB Ollie Strauss
|
0-0: Fly out, F8 (Flyball, 8LM, EV 79.4 MPH)
|
|
Batting: RHB Sinfronio Carreon
|
0-0: Ball 1-0: Ball 2-0: Ball 3-0: Called Strike 3-1: SOLO HOME RUN (Flyball, 7D, EV 98.1 MPH), Distance : 369 ft
|
|
Batting: RHB Greg Meyer
|
0-0: Ball 1-0: Ball 2-0: Ball 3-0: Called Strike 3-1: Foul Ball, location: 2F 3-2: Fly out, F8 (Flyball, 8RM, EV 92.5 MPH)
|
|
Batting: RHB Victor Rangel
|
0-0: Called Strike 0-1: Ball 1-1: Foul Ball, location: 2F 1-2: Ball 2-2: Foul Ball, location: 2F 2-2: Strikes out swinging
|
| Bottom of the 4th over - 1 run, 1 hit, 0 errors, 0 left on base; University of Toronto 1 - Fresno State University 2 |
| TOP OF THE 5TH |
|
University of Toronto Marlies batting - Pitching for Fresno State University Bulldogs : RHP Melvin Palacios
|
|
Batting: RHB John Wilson
|
0-0: Called Strike 0-1: Fly out, F4 (Line Drive, 4, EV 68.1 MPH)
|
|
Batting: RHB Kevin McGaughey
|
0-0: Called Strike 0-1: Ball 1-1: Ground out 1-3 (Groundball, 34S, EV 68.8 MPH)
|
|
Batting: RHB Charlie Townend
|
0-0: Fly out, F9 (Flyball, 9, EV 83.8 MPH)
|
| Top of the 5th over - 0 runs, 0 hits, 0 errors, 0 left on base; University of Toronto 1 - Fresno State University 2 |
| BOTTOM OF THE 5TH |
|
Fresno State University Bulldogs batting - Pitching for University of Toronto Marlies : RHP Jay Hagan
|
|
Batting: RHB Wu-ti Hui
|
0-0: SOLO HOME RUN (Flyball, 78XD, EV 100.6 MPH), Distance : 411 ft
|
|
Batting: RHB Tony Nowak
|
0-0: Fly out, F7 (Flyball, 7D, EV 107.5 MPH)
|
|
Batting: RHB Sandy Munoz
|
0-0: Ball 1-0: Ball 2-0: Ball 3-0: Called Strike 3-1: Foul Ball, location: 2F 3-2: Strikes out swinging
|
|
Batting: SHB Carlton Stannard
|
0-0: Called Strike 0-1: Ball 1-1: Foul Ball, location: 2F 1-2: SINGLE (Groundball, 3D, EV 105.6 MPH)
|
|
Batting: RHB Danilo Baldia
|
0-0: Called Strike 0-1: Ball 1-1: Foul Ball, location: 2F 1-2: Foul Ball, location: 2F 1-2: Ground out 4-3 (Groundball, 4, EV 106.9 MPH)
|
| Bottom of the 5th over - 1 run, 2 hits, 0 errors, 1 left on base; University of Toronto 1 - Fresno State University 3 |
| TOP OF THE 6TH |
|
University of Toronto Marlies batting - Pitching for Fresno State University Bulldogs : RHP Melvin Palacios
|
|
Batting: LHB Mitch Melton
|
0-0: Ball 1-0: Foul Ball, location: 2F 1-1: Ball 2-1: Ball 3-1: Foul Ball, location: 2F 3-2: Fly out, F8 (Flyball, 8RD, EV 86.9 MPH)
|
|
Batting: SHB Conrade Gordon
|
0-0: Foul Ball, location: 2F 0-1: Foul Ball, location: 2F 0-2: Foul Ball, location: 2F 0-2: Ground out 5-3 (Groundball, 56, EV 77.5 MPH)
|
|
Batting: RHB Todd Maybury
|
0-0: Ball 1-0: SINGLE (Line Drive, 9S, EV 111.9 MPH)
|
|
Batting: RHB Luke Stannard
|
0-0: Ball 1-0: Fly out, F9 (Flyball, 9, EV 91.2 MPH)
|
| Top of the 6th over - 0 runs, 1 hit, 0 errors, 1 left on base; University of Toronto 1 - Fresno State University 3 |
| BOTTOM OF THE 6TH |
|
Fresno State University Bulldogs batting - Pitching for University of Toronto Marlies : RHP Jay Hagan
|
|
Batting: LHB Ollie Strauss
|
0-0: Ball 1-0: Ball 2-0: Ball 3-0: Called Strike 3-1: Base on Balls
|
|
Batting: RHB Sinfronio Carreon
|
0-0: Called Strike 0-1: Sac Bunt to 13S - play at first, batter OUT! 1-3 Ollie Strauss to second
|
|
Batting: RHB Greg Meyer
|
0-0: Called Strike 0-1: Foul Ball, location: 2F 0-2: Foul Ball, location: 2F 0-2: DOUBLE (Line Drive, 9LM, EV 106.9 MPH) Ollie Strauss scores
|
|
Pitching: RHP Aaron Knight
|
|
|
Batting: RHB Victor Rangel
|
0-0: Ball 1-0: Ball 2-0: Ball Wild Pitch! Greg Meyer to third 3-0: Called Strike 3-1: Foul Ball, location: 2F 3-2: Fly out, F6 (Popup, 6MS, EV 61.9 MPH)
|
|
Pinch Hitting: LHB Brad Benanti
|
0-0: Ball 1-0: Ball 2-0: Fly out, F7 (Flyball, 7, EV 86.9 MPH)
|
| Bottom of the 6th over - 1 run, 1 hit, 0 errors, 1 left on base; University of Toronto 1 - Fresno State University 4 |
| TOP OF THE 7TH |
|
University of Toronto Marlies batting - Pitching for Fresno State University Bulldogs : RHP Melvin Palacios
|
|
Now in CF: Moktar Ame
|
|
|
Batting: RHB Steve Campeau
|
0-0: Ball 1-0: Called Strike 1-1: Fly out, F7 (Flyball, 7D, EV 96.2 MPH)
|
|
Batting: SHB Jake Seymour
|
0-0: Ball 1-0: Ball 2-0: Called Strike 2-1: Ball 3-1: Reached on error, E4 (Groundball, 4, EV 100.0 MPH)
|
|
Batting: RHB John Wilson
|
0-0: Ball 1-0: Ball 2-0: Grounds into double play, 4-6-3 (Groundball, 4M, EV 99.4 MPH)
|
| Top of the 7th over - 0 runs, 0 hits, 1 error, 0 left on base; University of Toronto 1 - Fresno State University 4 |
| BOTTOM OF THE 7TH |
|
Fresno State University Bulldogs batting - Pitching for University of Toronto Marlies : RHP Aaron Knight
|
|
Batting: RHB Tony Nowak
|
0-0: Ball 1-0: Called Strike 1-1: Ball 2-1: Foul Ball, location: 2F 2-2: Fly out, F8 (Flyball, 89M, EV 84.4 MPH)
|
|
Batting: RHB Sandy Munoz
|
0-0: Ball 1-0: Ball 2-0: Called Strike 2-1: Fly out, F8 (Flyball, 89M, EV 88.1 MPH)
|
|
Batting: SHB Carlton Stannard
|
0-0: Called Strike 0-1: Foul Ball, location: 2F 0-2: Ball 1-2: Ball 2-2: Foul Ball, location: 2F 2-2: DOUBLE (Line Drive, 7LM, EV 105.6 MPH)
|
|
Batting: RHB Danilo Baldia
|
0-0: Foul Ball, location: 2F 0-1: Foul Ball, location: 2F 0-2: Strikes out swinging
|
| Bottom of the 7th over - 0 runs, 1 hit, 0 errors, 1 left on base; University of Toronto 1 - Fresno State University 4 |
| TOP OF THE 8TH |
|
University of Toronto Marlies batting - Pitching for Fresno State University Bulldogs : RHP Melvin Palacios
|
|
Batting: RHB Kevin McGaughey
|
0-0: Foul Ball, location: 2F 0-1: DOUBLE (Flyball, 78D, EV 93.1 MPH)
|
|
Batting: RHB Charlie Townend
|
0-0: DOUBLE (Flyball, 89XD, EV 104.4 MPH) Kevin McGaughey scores
|
|
Batting: LHB Mitch Melton
|
0-0: Ground out 4-3 (Groundball, 4, EV 110.0 MPH) Charlie Townend to third
|
|
Batting: SHB Conrade Gordon
|
0-0: Ground out 4-3 (Groundball, 34, EV 85.0 MPH)
|
|
Batting: RHB Todd Maybury
|
0-0: Ball 1-0: Called Strike 1-1: Ball 2-1: Swinging Strike 2-2: Foul Ball, location: 2F 2-2: Ground out 4-3 (Groundball, 4, EV 101.2 MPH)
|
| Top of the 8th over - 1 run, 2 hits, 0 errors, 1 left on base; University of Toronto 2 - Fresno State University 4 |
| BOTTOM OF THE 8TH |
|
Fresno State University Bulldogs batting - Pitching for University of Toronto Marlies : RHP Aaron Knight
|
|
Pitching: RHP Brad Cannell
|
|
|
Batting: LHB Ollie Strauss
|
0-0: Called Strike 0-1: Called Strike 0-2: Ball 1-2: Ball 2-2: Fly out, F8 (Line Drive, 8RM, EV 110.0 MPH)
|
|
Batting: RHB Sinfronio Carreon
|
0-0: Ball 1-0: Swinging Strike 1-1: Fly out, F8 (Flyball, 8LD, EV 95.0 MPH)
|
|
Batting: RHB Greg Meyer
|
0-0: Ball 1-0: Called Strike 1-1: Ball 2-1: Ground out 4-3 (Groundball, 4, EV 93.8 MPH)
|
| Bottom of the 8th over - 0 runs, 0 hits, 0 errors, 0 left on base; University of Toronto 2 - Fresno State University 4 |
| TOP OF THE 9TH |
|
University of Toronto Marlies batting - Pitching for Fresno State University Bulldogs : RHP Melvin Palacios
|
|
Pitching: RHP Milojica Mrdja
|
|
|
Batting: RHB Luke Stannard
|
0-0: Ball 1-0: Called Strike 1-1: Foul Ball, location: 2F 1-2: Reached on error, E5 (Groundball, 15, EV 91.9 MPH)
|
|
Batting: RHB Steve Campeau
|
0-0: Called Strike 0-1: Called Strike 0-2: Ball 1-2: Fly out, F3 (Line Drive, 34, EV 63.8 MPH)
|
|
Batting: SHB Jake Seymour
|
0-0: Foul Ball, location: 2F 0-1: Ball 1-1: Foul Ball, location: 2F 1-2: Foul Ball, location: 2F 1-2: Fielders Choice at 2nd, 5-4 (Groundball, 56, EV 109.4 MPH)
|
|
Pinch Hitting: RHB Konrad van Pelt
|
0-0: Ball 1-0: Ball 2-0: Foul Ball, location: 2F 2-1: Ball 3-1: Fly out, F3 (Popup, 23F, EV 79.4 MPH)
|
| Top of the 9th over - 0 runs, 0 hits, 1 error, 1 left on base; University of Toronto 2 - Fresno State University 4 |
|